Map: Coda LE (Void)

Players

Amnezia - Winner!

  • Race: Protoss Protoss
  • League: Grandmaster

SticklerMac

  • Race: Zerg Zerg
  • League: Grandmaster

VOD

Have the link to the VOD?

Description

Time

  • Played on: June 17, 2015, 12:47 a.m.
  • Length: 13:40
Show
View Real Time Build Order
Export as new Build Order

Amnezia Protoss - Winner!

Build Orders: Forge Fast Expand (FFE) 

Get SALT Encoding   

  12  0:01  Probe  
  13  0:14  Pylon  
  13  0:17  Probe  
  14  0:32  Probe (Chrono Boost)  
  14  0:35  Forge  
  16  0:44  Probe (Chrono Boost)  
  16  0:51  Probe (Chrono Boost)  
  17  0:59  Pylon  
  17  1:02  Probe (Chrono Boost)  
  18  1:14  Probe (Chrono Boost)  
  19  1:35  Nexus  
  19  1:37  Probe (Chrono Boost)  
  20  1:45  Pylon  
  21  1:47  Probe (Chrono Boost)  
  21  1:51  Pylon  
  21  1:54  Probe  
  22  2:06  Probe  
  23  2:10  Photon Cannon  
  23  2:17  Photon Cannon  
  23  2:18  Probe  
  24  2:30  Probe, Photon Cannon  
  25  2:43  Probe (Chrono Boost)  
  25  2:49  Gateway  
  25  2:50  Photon Cannon  
  25  2:53  Probe (Chrono Boost)  
  27  2:59  Probe (Chrono Boost)  
  28  3:05  Probe (Chrono Boost)  
  28  3:07  Probe (Chrono Boost)  
  28  3:10  Photon Cannon  
  28  3:12  Probe (Chrono Boost)  
  30  3:14  Probe (Chrono Boost)  
  30  3:15  Pylon  
  31  3:21  Photon Cannon  
  31  3:26  Probe (Chrono Boost)  
  33  3:30  Probe (Chrono Boost)  
  33  3:31  Pylon  
  34  3:35  Probe (Chrono Boost)  
  34  3:37  Probe (Chrono Boost)  
  35  3:43  Probe  
  35  3:45  Pylon  
  36  3:48  Photon Cannon  
  36  3:51  Pylon  
  36  3:58  Gateway  
  36  4:00  Pylon  
  36  4:03  Pylon  
  36  4:05  Probe (Chrono Boost)  
  38  4:10  Probe (Chrono Boost)  
  38  4:15  Probe (Chrono Boost)  
  39  4:18  Probe (Chrono Boost)  
  39  4:19  Cybernetics Core  
  39  4:22  Photon Cannon  
  40  4:24  Pylon  
  40  4:26  Pylon  
  40  4:29  Probe (Chrono Boost)  
  42  4:35  Probe (Chrono Boost)  
  42  4:37  Photon Cannon  
  42  4:38  Probe (Chrono Boost), Pylon  
  43  4:42  Probe (Chrono Boost)  
  43  4:43  Assimilator  
  43  4:45  Assimilator  
  44  4:46  Probe  
  45  4:53  Probe (Chrono Boost), Assimilator  
  45  4:55  Assimilator  
  45  4:58  Probe (Chrono Boost)  
  47  5:05  Probe (Chrono Boost)  
  48  5:09  Probe (Chrono Boost)  
  48  5:13  Probe (Chrono Boost), Zealot x2  
  54  5:17  Photon Cannon  
  54  5:18  Photon Cannon  
  54  5:38  Warp Gate (Chrono Boost)  
  54  5:40  Gateway  
  54  5:42  Gateway  
  54  5:43  Gateway  
  54  5:45  Pylon  
  54  5:46  Pylon  
  54  5:47  Pylon  
  54  5:50  Probe x2  
  54  5:52  Zealot x2  
  56  6:12  Probe (Chrono Boost)  
  56  6:17  Probe (Chrono Boost)  
  58  6:22  Probe (Chrono Boost)  
  58  6:23  Pylon  
  58  6:25  Probe (Chrono Boost), Protoss Ground Weapons Level 1 (Chrono Boost)  
  60  6:28  Gateway  
  60  6:29  Probe  
  60  6:32  Gateway  
  61  6:34  Gateway  
  61  6:36  Probe, Gateway  
  61  6:38  Gateway  
  62  6:40  Sentry x2  
  66  6:52  Forge  
  66  7:02  Nexus  
  66  7:04  Pylon  
  66  7:05  Pylon  
  66  7:26  Photon Cannon  
  66  7:30  Gateway x2  
  66  7:34  Photon Cannon  
  66  7:38  Gateway, Photon Cannon  
  66  7:43  Gateway  
  66  7:52  Sentry x4  
  66  7:53  Sentry, Stalker  
  66  7:54  Stalker x3  
  66  7:58  Protoss Ground Armor Level 1 (Chrono Boost)  
  84  8:04  Twilight Council  
  84  8:16  Probe x2  
  86  8:21  Nexus  
  86  8:22  Pylon  
  86  8:25  Pylon  
  86  8:27  Stalker x3  
  92  8:36  Robotics Facility  
  92  8:43  Assimilator  
  92  8:47  Assimilator  
  92  8:48  Photon Cannon  
  92  9:01  Pylon  
  92  9:04  Sentry x3  
  92  9:05  Stalker x3  
  92  9:07  Stalker  
  106  9:13  Templar Archives  
  106  9:14  Pylon  
  106  9:21  Photon Cannon  
  106  9:22  Gateway  
  106  9:27  Observer (Chrono Boost)  
  110  9:39  Probe x3 (Chrono Boost)  
  110  9:41  Observer (Chrono Boost)  
  111  9:47  Probe x3 (Chrono Boost)  
  111  9:48  Probe (Chrono Boost)  
  111  9:51  Assimilator  
  115  9:54  Assimilator  
  115  9:57  Photon Cannon x2  
  115  9:58  Probe  
  115  9:59  Gateway  
  116  10:00  Gateway  
  116  10:01  Probe  
  116  10:03  Pylon  
  117  10:08  Photon Cannon  
  117  10:09  Photon Cannon  
  117  10:11  Gateway  
  117  10:12  Pylon  
  117  10:14  Pylon  
  117  10:22  Warp Prism (Chrono Boost)  
  119  10:47  Stalker x4  
  127  10:50  High Templar x7  
  127  10:51  High Templar  
  127  10:54  Archon  
  127  10:55  Archon x3  
  143  11:00  Probe x3  
  146  11:05  Immortal (Chrono Boost)  
  146  11:07  Protoss Ground Weapons Level 2 (Chrono Boost)  
  150  11:16  Protoss Ground Armor Level 2 (Chrono Boost), Probe  
  150  11:17  Probe  
  152  11:42  Zealot x2  
  152  11:43  Zealot x2  
  152  11:44  Nexus  
  152  11:46  Pylon  
  156  11:47  Pylon  
  156  12:02  Probe x2  
  156  12:06  Photon Cannon  
  156  12:07  Immortal x2  
  156  12:08  Immortal x5  
  158  12:09  Photon Cannon x3  
  157  12:26  High Templar x3  
  157  12:27  High Templar x5  
  157  12:28  High Templar x2  
  177  12:30  Zealot x4  
  177  12:31  Zealot  
  177  12:32  Archon x4  
  177  12:33  Archon  
  177  12:34  Zealot  
  177  12:35  Zealot x2  
  155  13:02  Zealot x7  
  155  13:03  Zealot x3  
  173  13:06  Probe  
  173  13:07  Probe x2  
  173  13:08  Assimilator  
  176  13:13  Assimilator  
Show
View Real Time Build Order
Export as new Build Order

SticklerMac Zerg 

Build Orders: Pool First 

Get SALT Encoding   

  12  0:02  Drone  
  13  0:08  Drone  
  13  0:13  Extractor  
  13  0:15  Drone  
  14  0:34  Spawning Pool  
  13  0:38  Drone  
  14  0:48  Overlord  
  14  1:07  Drone x3  
  17  1:20  Drone  
  17  1:21  Metabolic Boost  
  18  1:28  Drone  
  19  1:35  Queen  
  21  1:43  Overlord  
  21  1:51  Drone  
  22  2:05  Drone  
  23  2:14  Zergling x2  
  24  2:29  Zergling x2  
  25  2:40  Zergling x2  
  25  2:44  Zergling x2  
  25  2:50  Zergling x6  
  26  2:51  Zergling x2  
  25  2:59  Zergling x2  
  26  3:12  Zergling x2  
  27  3:20  Zergling x2  
  28  3:32  Zergling x2  
  29  3:39  Zergling x2  
  29  3:40  Zergling x2  
  29  3:46  Zergling x6  
  25  3:58  Zergling x2  
  26  4:11  Zergling x2  
  26  4:14  Hatchery  
  26  4:21  Zergling x2  
  27  4:29  Zergling x6  
  30  4:32  Overlord x2  
  30  4:39  Baneling Nest  
  30  4:45  Zergling x2  
  30  4:55  Zergling x2  
  31  5:06  Zergling x4  
  31  5:07  Zergling x4  
  35  5:11  Zergling x2  
  37  5:21  Zergling x2  
  37  5:26  Queen  
  37  5:27  Drone  
  40  5:31  Baneling x5  
  40  5:32  Baneling  
  40  5:35  Baneling  
  40  5:37  Baneling  
  40  5:40  Baneling  
  40  5:51  Drone x2  
  40  5:53  Drone  
  25  6:22  Drone x6  
  31  6:34  Drone  
  31  6:38  Baneling x3  
  31  6:39  Baneling x3  
  32  6:49  Drone, Roach Warren  
  32  6:51  Drone  
  32  6:52  Drone x2  
  32  6:53  Drone  
  36  7:00  Extractor  
  35  7:23  Hatchery  
  35  7:24  Drone x4  
  35  7:28  Drone x3  
  35  7:29  Drone  
  42  7:34  Drone x2  
  44  7:37  Drone  
  44  7:40  Drone  
  44  7:41  Drone  
  44  7:44  Drone  
  48  7:48  Drone x2  
  48  7:51  Drone  
  51  7:52  Drone  
  52  8:05  Extractor  
  51  8:10  Extractor  
  51  8:11  Drone  
  51  8:12  Drone  
  52  8:14  Overlord  
  52  8:15  Overlord x3  
  52  8:36  Drone x9  
  58  9:01  Queen  
  60  9:03  Roach x7  
  60  9:04  Roach x4  
  82  9:10  Roach  
  82  9:11  Roach x2  
  90  9:17  Roach  
  90  9:18  Overlord  
  90  9:21  Overlord  
  90  9:23  Lair  
  90  9:29  Overlord  
  90  9:52  Overlord x4  
  90  10:00  Evolution Chamber  
  90  10:04  Evolution Chamber  
  90  10:05  Overlord  
  90  10:06  Overlord  
  88  10:14  Roach x13  
  114  10:26  Roach x8  
  130  10:29  Glial Reconstitution  
  130  10:41  Burrow  
  130  10:53  Overlord x4  
  130  10:54  Overlord x3  
  130  11:04  Overlord x3  
  130  11:07  Zerg Missile Weapons Level 1  
  130  11:08  Zerg Ground Armor Level 1  
  130  11:13  Roach x2  
  130  11:14  Roach  
  130  11:16  Roach  
  130  11:18  Roach  
  140  11:20  Roach  
  140  11:22  Roach  
  140  11:25  Drone  
  145  11:36  Overseer  
  141  11:47  Tunneling Claws  
  141  11:48  Roach  
  141  11:49  Roach x8  
  126  12:04  Roach x4  
  140  12:11  Roach x2  
  128  12:17  Roach x2  
  129  12:28  Roach x4  
  101  12:44  Roach x3  
  101  12:45  Roach x3  
  86  12:57  Roach  
  86  12:58  Roach  
  54  13:00  Roach x4  
Tags
 
Add a new tag
Caveats
  • Supply blocks, unpowered buildings, or Contaminate may cause inaccurate times.
  • Supply counts are checked every 10 seconds.